AoeStats
← Swarm

Baltic

510351310Analyzed
2v2 RM · 2d ago on Sep 30, 2026· 41m 54s· 4 players
Game mode
Random Map
Map size
Medium (4 player)
Population
200
Speed
Normal
Resources
Standard
Victory
Conquest
Starting age
Dark Age
Ending age
Imperial Age
RankedLock teamsTeams togetherTeam positionsShared explorationLock speedFull tech treeHidden civsTurbo modeCheats
Victory
Defeat
🇫🇷 Mongols · France
1211
+14
🇫🇷 Vikings · France
1153
+16
🇩🇪 Koreans · Germany
1168
-15
🇩🇪 Varangians · Germany
1155
-15
SemperBlender
8:54 Loom
11:40 Feudal Age
12:27 Double-Bit Axe
13:55 Fletching
14:29 Horse Collar
16:09 Wheelbarrow
17:03 Gold Mining
21:11 Castle Age
19:47 Stone Mining
21:49 Bodkin Arrow
22:10 Medium Warships
22:03 Heavy Plow
22:17 Bow Saw
22:49 Fishing Lines
29:50 Hand Cart
31:13 Forging
34:43 Imperial Age
32:51 Devotion
33:47 Iron Casting
34:10 Scale Barding Armor
36:15 Crop Rotation
36:47 Two-Man Saw
37:08 Bloodlines
36:59 Husbandry
37:22 Conscription
36:25 Elite Jarl
37:49 Bracer
38:50 Blast Furnace
38:11 Chain Barding Armor
39:56 Ballistics
39:17 Treadmill Crane
40:37 Chemistry
40:00 Guilds
Swarm
5:11 Loom
12:03 Feudal Age
20:23 Castle Age
20:13 Double-Bit Axe
21:16 Medium Warships
25:26 Stone Mining
28:19 Bow Saw
29:52 Fletching
32:26 Horse Collar
kiara.g
5:40 Loom
8:51 Feudal Age
9:39 Man-at-Arms
13:14 Arson
19:40 Castle Age
17:32 Double-Bit Axe
18:20 Gold Mining
18:35 Horse Collar
19:46 Fletching
19:56 Padded Archer Armor
21:14 Thumb Ring
22:10 Bodkin Arrow
24:26 Ballistics
30:00 Imperial Age
28:47 Bow Saw
29:17 Gold Shaft Mining
29:47 Murder Holes
32:00 Parthian Tactics
33:41 Wheelbarrow
33:26 Bracer
33:44 Leather Archer Armor
36:32 Heavy Plow
37:28 Hand Cart
37:50 Town Watch
38:34 Elite Skirmisher
39:17 Heavy Cavalry Archer
41:55 Town Patrol
Cawottes
12:53 Feudal Age
12:32 Loom
13:35 Fishing Lines
14:11 Double-Bit Axe
15:11 Gold Mining
15:11 Stone Mining
21:11 Castle Age
21:04 Horse Collar
22:15 Fletching
24:00 Bow Saw
26:58 Ballistics
27:17 Heavy Plow
30:21 Bodkin Arrow
30:27 Padded Archer Armor
31:28 Town Watch
32:16 Town Patrol
35:40 Imperial Age
33:13 Town Patrol
39:29 Chemistry
38:39 Bracer
39:26 Bogsveigar
40:43 Leather Archer Armor
41:10 Clinker Construction
41:11 Careening
Connection lost

Rejoining the realm…

Still unreachable

The connection could not be restored.

Session expired

The server has moved on; the page needs a fresh start.